 Dungeon Crawl Stone Soup version 0.30-a0-924-g0ad0bf95bc (webtiles) character file.

Game seed: 23799388706586893

23649 funkygono the Severer (level 12, -5/112 HPs)
             Began as a Minotaur Fighter on Mar 22, 2023.
             Was a High Priest of Okawaru.
             Slain by a naga
             ... wielding a +0 halberd
              (19 damage)
             ... on level 3 of the Lair of Beasts.
             The game lasted 00:17:36 (11422 turns).

funkygono the Severer (Minotaur Fighter)           Turns: 11422, Time: 00:17:36

Health: -5/112     AC: 24    Str: 26    XL:     12   Next: 73%
Magic:  10/12      EV: 12    Int:  5    God:    Okawaru [*****.]
Gold:   873        SH:  7    Dex: 10    Spells: 11/11 levels left

rFire   + . .      SeeInvis .    a - +1 war axe
rCold   . . .      Faith    .    c - +0 buckler
rNeg    + . .      Spirit   .    m - +0 chain mail
rPois   .          Reflect  .    M - +1 hat of the Baker {+Blink rF+ rN+}
rElec   .          Rampage  .    v - +1 cloak
rCorr   +                        (no gloves)
Will    .....                    b - +0 pair of boots Stlth
                                 D - amulet of regeneration
HPRegen 1.18/turn                p - ring of resist corrosion
MPRegen 0.13/turn                G - +4 ring of protection

@: lethally poisoned (-5 -> -9), heroic
A: horns 2, retaliatory headbutt
a: Renounce Religion, Evoke Blink, Heroism, Finesse, Duel


You were on level 3 of the Lair of Beasts.
You worshipped Okawaru.
Okawaru was extremely pleased with you.
You visited 3 branches of the dungeon, and saw 13 of its levels.

You collected 873 gold pieces.

Inventory:

Hand Weapons
 a - a +1 war axe (weapon)
Missiles
 h - 18 poisoned darts (quivered)
 j - 7 atropa-tipped darts
 q - 11 boomerangs
 C - 3 curare-tipped darts
Armour
 b - a +0 pair of boots (worn)
 c - a +0 buckler (worn)
 m - a +0 chain mail (worn)
 v - a +1 cloak (worn)
 M - the +1 hat of the Baker (worn) {+Blink rF+ rN+}
   (Okawaru gifted it to you on level 1 of the Lair of Beasts)

   rF:        It protects you from fire.
   rN:        It protects you from negative energy.
   +Blink:    It lets you blink.
Jewellery
 p - a ring of resist corrosion (left hand)
 w - a +6 ring of dexterity
 D - an amulet of regeneration (around neck)
 E - an amulet of magic regeneration
 G - a +4 ring of protection (right hand)
Wands
 g - a wand of mindburst (8)
 n - a wand of paralysis (6)
 A - a wand of flame (45)
 B - a wand of polymorph (13)
 I - a wand of roots (9)
Scrolls
 r - 2 scrolls of magic mapping
 s - a scroll of immolation
 x - 3 scrolls of teleportation
 y - 4 scrolls of fog
 F - 2 scrolls of amnesia
Potions
 d - a potion of might
 e - 4 potions of ambrosia
 f - 3 potions of heal wounds
 i - a potion of berserk rage
 k - a potion of lignification
 l - 8 potions of curing
 o - a potion of cancellation
 t - 4 potions of mutation
 u - 3 potions of flight
 z - 2 potions of brilliance
 H - a potion of magic {unknown}
 J - 2 potions of attraction {unknown}
 L - a potion of haste {unknown}
Miscellaneous
 N - a lightning rod (4/4)


   Skills:
 + Level 11.9(16.9) Fighting
 + Level 16.7(21.7) Axes
 + Level 0.6(5.6) Throwing
 + Level 12.6(17.6) Armour
 + Level 4.6(9.6) Dodging
 + Level 1.8(6.8) Stealth
 + Level 9.2(14.2) Shields
 + Level 1.4 Invocations


You had 11 spell levels left.
You didn't know any spells.
Your spell library contained the following spells:

 Spells                   Type           Power      Damage    Failure   Level
 Foxfire                  Conj/Fire      0%         2x1d4     91%         1
 Frozen Ramparts          Ice            0%         1d1       99%         3
 Portal Projectile        Hex/Tloc       0%         N/A       99%         3
 Ice Form                 Ice/Tmut       0%         N/A       100%        4
 Blade Hands              Tmut           0%         N/A       100%        5
 Fireball                 Conj/Fire      0%         3d3       100%        5
 Starburst                Conj/Fire      0%         6d3       100%        6
 Orb of Destruction       Conj           0%         9d5       100%        7
 Borgnjor's Revivificati  Necr           0%         N/A       100%        8
 Necromutation            Tmut/Necr      0%         N/A       100%        8
 Death's Door             Necr           0%         N/A       100%        9
 Summon Guardian Golem    Hex/Summ       Unusable   N/A       N/A         3
 Tukima's Dance           Hex            Unusable   N/A       N/A         3
 Summon Ice Beast         Ice/Summ       Unusable   N/A       N/A         4
 Spellforged Servitor     Conj/Summ      Unusable   N/A       N/A         7

Dungeon Overview and Level Annotations

Branches:
Dungeon (9/15)             Temple (1/1) D:5            Lair (3/5) D:9
  Snake (0/4) Lair:3          Orc (0/2) D:9
  Swamp: Lair:2-3    Shoals: Lair:2-3

Altars:
Ashenzari
Cheibriados
Dithmenos
Elyvilon
Fedhas
Gozag
Hepliaklqana
Kikubaaqudgha
Nemelex Xobeh
Okawaru
Qazlal
Ru
Sif Muna
Trog
Uskayaw
Vehumet
Wu Jian
Xom
Yredelemnul
Zin
The Shining One

Shops:
D:3 :   D:8 (

Annotations:
D:9 2 runed translucent doors, Dirtsage's ghost, journeyman DsBe


Innate Abilities, Weirdness & Mutations

You have a pair of horns on your head.
You reflexively headbutt those who attack you in melee.


Message History

You furiously retaliate!
You headbutt the naga!
You escape the naga's grasp.
You feel sick. The naga hits you with a +0 glaive!!
* * * LOW HITPOINT WARNING * * *
The naga misses you. The naga spits poison at you.
The splash of poison hits you.
You are more poisoned.
* * * LOW HITPOINT WARNING * * *
You hit the naga.
The naga is lightly wounded.
You hit the naga.
You barely miss the naga. x2; You feel sick.
The naga hits you but does no damage. The naga grabs you.
The naga constricts you.
* * * LOW HITPOINT WARNING * * *
The naga spits poison at you.
The splash of poison hits you but does no damage.
You are more poisoned.
You block the naga's attack.
You slash the naga! You headbutt the naga!
The naga is almost dead.
You hit the naga. x2; You hit the naga but do no damage.
You feel sick. The naga hits you but does no damage. The naga constricts you.
The naga barely misses you. You furiously retaliate!
You headbutt the naga!
You kill the naga!
Okawaru accepts your kill. The naga spits poison at you.
The splash of poison hits you but does no damage.
You are more poisoned.
You slash the naga!
You kill the naga!
Okawaru accepts your kill.
You hear a splash.
You slash the naga!
You kill the naga!
Okawaru accepts your kill.
You hit the naga but do no damage.
You feel very sick. The naga hits you with a +0 halberd!!
You die...

............##
............##
#............#
.#.#........## #
##P.......## #.. #
##...#....# P.
.#.####.......##
###.
.......)).....##
#...
......N@~~~~~..#
....
......~)~~~~~~.#
....
......~~~..P~~~.
..>.
.....~~~....$~~~
....
....P~~.......~~
....
.....~~...>...~~
....
###..~~....P~.~~
.##.
#P.~~~.P~.~~~~ ..
#.#
#..~~~~...~~~....#
##.


You could see a naga (catching breath).

Vanquished Creatures
  A skyshark (Lair:3)
  An oklob plant (Lair:1)
  2 ugly things
  17 elephants
  2 black mambas (Lair:1)
  7 cane toads
  4 komodo dragons
  A troll (D:9)
  A hornet (D:8)
  3 blink frogs (Lair:1)
  Grinder (D:4)
  Sigmund (D:5)
  24 yaks
  4 wyverns
  A wraith (D:9)
  Eustachio (D:4)
  3 basilisks
  4 steam dragons
  Menkaure (D:5)
  3 nagas (Lair:3)
  Duvessa (D:5)
  12 water moccasins
  2 sky beasts (D:7)
  2 ice beasts
  An orc warrior (D:8)
  6 black bears
  4 ogres
  2 centaurs
  5 wolves (Lair:2)
  2 phantoms (D:5)
  A kobold brigand (D:6)
  9 bullfrogs
  A gnoll sergeant (D:6)
  3 scorpions
  6 wights
  Dowan (D:5)
  2 killer bees (D:9)
  A howler monkey (D:6)
  5 orc priests
  5 hounds
  3 jellies
  A sleepcap (D:7)
  Terence (D:2)
  2 iguanas
  10 orc wizards
  7 gnolls
  4 adders
  A white imp (D:5)
  2 ufetubi
  2 worms (D:2)
  3 dart slugs
  44 orcs
  2 ball pythons
  4 bats
  3 endoplasms
  4 giant cockroaches
  8 goblins
  6 hobgoblins
  10 jackals
  4 quokkas
  4 frilled lizards
  11 kobolds
  4 rats
  2 bushes (D:9)
295 creatures vanquished.

Vanquished Creatures (others)
  9 fungi
  31 plants
40 creatures vanquished.

Grand Total: 335 creatures vanquished

Notes
Turn   | Place    | Note
-------+----------+-------------------------------------------
     0 | D:1      | funkygono the Minotaur Fighter began the quest for the Orb.
     0 | D:1      | Reached XP level 1. HP: 19/19 MP: 0/0
   187 | D:1      | Reached XP level 2. HP: 27/27 MP: 1/1
   634 | D:2      | Noticed Terence
   644 | D:2      | Killed Terence
   645 | D:2      | Reached skill level 3 in Axes
   645 | D:2      | Reached XP level 3. HP: 32/33 MP: 2/2
  1157 | D:2      | Reached XP level 4. HP: 40/40 MP: 3/3
  1681 | D:3      | Found Vogiemp's Book Shoppe.
  1688 | D:3      | Reached skill level 4 in Axes
  1740 | D:3      | Reached XP level 5. HP: 46/46 MP: 4/4
  1959 | D:3      | Found a hide-covered altar of Uskayaw.
  2150 | D:4      | Noticed Grinder
  2150 | D:4      | Found a blossoming altar of Fedhas.
  2159 | D:4      | Killed Grinder
  2160 | D:4      | Reached skill level 5 in Axes
  2160 | D:4      | Reached skill level 5 in Armour
  2160 | D:4      | Reached skill level 1 in Dodging
  2160 | D:4      | Reached XP level 6. HP: 53/53 MP: 5/5
  2304 | D:4      | Noticed a water moccasin
  2311 | D:4      | Killed a water moccasin
  2312 | D:4      | Reached skill level 6 in Axes
  2578 | D:4      | Found a stormy altar of Qazlal.
  2622 | D:4      | Reached XP level 7. HP: 60/60 MP: 6/6
  2700 | D:4      | Reached skill level 5 in Fighting
  2855 | D:4      | Noticed Eustachio
  2871 | D:4      | Killed Eustachio
  3011 | D:5      | Entered Level 5 of the Dungeon
  3036 | D:5      | Found an ornate altar of the Wu Jian Council.
  3083 | D:5      | Noticed Sigmund
  3091 | D:5      | Killed Sigmund
  3092 | D:5      | Reached skill level 7 in Axes
  3092 | D:5      | Reached skill level 5 in Shields
  3258 | D:5      | Reached XP level 8. HP: 40/69 MP: 7/7
  3564 | D:5      | Reached skill level 8 in Axes
  3565 | D:5      | Found a staircase to the Ecumenical Temple.
  3594 | Temple   | Entered the Ecumenical Temple
  3705 | Temple   | Became a worshipper of Warmaster Okawaru
  4060 | D:5      | Noticed Duvessa
  4060 | D:5      | Noticed Dowan
  4068 | D:5      | Killed Duvessa
  4072 | D:5      | Killed Dowan
  4380 | D:5      | Noticed Menkaure
  4385 | D:5      | Killed Menkaure
  4385 | D:5      | Reached * piety under Okawaru
  4386 | D:5      | Reached skill level 9 in Axes
  4737 | D:6      | Reached XP level 9. HP: 63/78 MP: 8/8
  5153 | D:6      | Reached skill level 10 in Axes
  5616 | D:6      | Found a snail-covered altar of Cheibriados.
  5618 | D:6      | Found an ancient bone altar of Kikubaaqudgha.
  5892 | D:7      | Reached ** piety under Okawaru
  6446 | D:7      | Found a glowing golden altar of the Shining One.
  6513 | D:7      | Reached skill level 11 in Axes
  6899 | D:8      | Noticed a purple ugly thing
  6912 | D:8      | Killed a purple ugly thing
  7048 | D:8      | Found a bloodstained altar of Trog.
  7078 | D:8      | Found a basalt altar of Yredelemnul.
  7085 | D:8      | Found a shimmering blue altar of Sif Muna.
  7135 | D:8      | Found Goyneaf's Weapon Emporium.
  7156 | D:8      | Reached XP level 10. HP: 83/86 MP: 9/9
  7184 | D:8      | Reached *** piety under Okawaru
  7277 | D:8      | Found a shimmering altar of Xom.
  7285 | D:8      | Reached skill level 1 in Stealth
  7425 | D:8      | Paralysed by a hornet for 1 turns
  7430 | D:8      | Reached skill level 12 in Axes
  7666 | D:9      | Found a staircase to the Lair.
  7681 | D:9      | Reached skill level 10 in Armour
  7683 | D:9      | Reached **** piety under Okawaru
  7835 | D:9      | Found a white marble altar of Elyvilon.
  7870 | D:9      | Found a staircase to the Orcish Mines.
  8038 | D:9      | Noticed a red ugly thing
  8054 | D:9      | Killed a red ugly thing
  8112 | D:9      | Reached ***** piety under Okawaru
  8423 | D:9      | Found a large runed translucent door.
  8423 | D:9      | Found a large runed translucent door.
  8482 | D:9      | Noticed Dirtsage's ghost (journeyman DsBe)
  8622 | D:9      | Reached skill level 13 in Axes
  8622 | D:9      | Reached XP level 11. HP: 97/97 MP: 10/10
  8791 | Lair:1   | Entered Level 1 of the Lair of Beasts
  8791 | Lair:1   | Noticed an oklob plant
  8805 | Lair:1   | Killed an oklob plant
  8970 | Lair:1   | Reached skill level 14 in Axes
  9085 | Lair:1   | Received a gift from Okawaru
  9365 | Lair:1   | Reached skill level 10 in Fighting
  9582 | Lair:1   | Reached ****** piety under Okawaru
  9659 | Lair:1   | Identified the +1 hat of the Baker {+Blink rF+ rN+}
                  | (Okawaru gifted it to you on level 1 of the Lair of Beasts)
  9659 | Lair:1   | Received a gift from Okawaru
  9915 | Lair:2   | Reached skill level 15 in Axes
 10131 | Lair:2   | Reached XP level 12. HP: 101/107 MP: 9/11
 10915 | Lair:3   | Reached skill level 16 in Axes
 11148 | Lair:3   | Reached skill level 1 in Invocations
 11406 | Lair:3   | Found a staircase to the Snake Pit.
 11422 | Lair:3   | Slain by a naga

Illustrated notes

Levels and vault maps discovered:
D:1:      minmay_arrival_doors, layout_loops_ring, kennysheep_boxes
D:2:      layout_basic, grunt_ministairs_12, uniq_terence
D:3:      layout_basic, nicolae_overflow_crystal_walls, serial_shops,
          nicolae_shop_behind_doors
D:4:      layout_basic, fedhas_altar_2, nicolae_qazlal_eye_of_the_storm,
          uniq_eustachio, uniq_grinder
D:5:      layout_loops_corners, general_overflow_altar,
          minmay_temple_entry_tees, kennysheep_doodads, grunt_decor_junction,
          uniq_menkaure, uniq_sigmund, uniq_duvessa
D:6:      layout_loops_ring, grunt_temple_overflow_open
D:7:      layout_cave_pods, mainiacjoe_overflow_24_doors
D:8:      layout_rooms, mainiacjoe_overflow_surrounded_room, tgw_xom,
          mainiacjoe_overflow_large_starburst, serial_shops,
          nicolae_shop_statue_plus
D:9:      wad_cavern_with_rooms, layout_basic, mainiacjoe_overflow_catwalk,
          minmay_lair_entry_grove, orc_david_3, ebering_ghost_disaster_area
Temple:   nicolae_temple_bog_church
Lair:1:   layout_roguey, lemuel_fruit_fields
Lair:2:   layout_long_grid, patterned_corridor, lemuel_fruit_fields
Lair:3:   layout_hall_layers, elwin_shoals_entry_rocks,
          guppyfry_snake_entry_island, grunt_megastairs_1

Skill      XL: |  1  2  3  4  5  6  7  8  9 10 11 12 |
---------------+-------------------------------------+-----
Armour         | 4 5 6 7 9 10 11 12 | 12.6
Fighting       | 4 5 6 7 9 10 11 | 11.9
Axes           | 3 4 5 6 7 9 11 13 15 16 | 16.7
Shields        | 4 5 6 7 8 9 |  9.2
Dodging        | 1 2 3 4 |  4.6
Stealth        | 1 |  1.8
Invocations    | 1 |  1.4
Throwing       | |  0.6

Action                     |  1- 3 |  4- 6 |  7- 9 | 10-12 || total
---------------------------+-------+-------+-------+-------++-------
  Melee: War axe           |    70 |    80 |   256 |   564 ||   970
         Headbutt          |     9 |    14 |    38 |   150 ||   211
  Throw: Dart              |       |       |     3 |     2 ||     5
 Invoke: Heroism           |       |       |       |     8 ||     8
    Use: Scroll            |       |     5 |    10 |     7 ||    22
         Potion            |       |       |       |     2 ||     2
 Armour: Scale mail        |    18 |       |       |       ||    18
         Chain mail        |    23 |    54 |   132 |   284 ||   493
  Dodge: Dodged            |    35 |    45 |    94 |   220 ||   394
  Block: Buckler           |    16 |    22 |    56 |   133 ||   227

Table legend: (Time is in decaauts)
 A = Elapsed time spent in this place.
 B = Non-inter-level travel time spent in this place.
 C = Inter-level travel time spent in this place.
 D = Time resting spent in this place.
 E = Time spent auto-exploring this place.
 F = Levels seen in this place.
 G = Mean time per level.
                   A        B        C        D        E       F      G
               +--------+--------+--------+--------+--------+-----+--------+
         Total |  11435 |  11066 |    369 |    169 |   8804 |  13 |  879.6 |
       Dungeon |   8631 |   8316 |    315 |    169 |   6571 |   9 |  959.0 |
        Temple |    252 |    236 |     16 |      0 |    224 |   1 |  252.0 |
          Lair |   2552 |   2515 |     37 |      0 |   2008 |   3 |  850.7 |
               +--------+--------+--------+--------+--------+-----+--------+

Top non-repeatable levels by time:
     D:5: 1409 daAuts
     D:9: 1182 daAuts
     D:6: 1156 daAuts
  Lair:1: 1075 daAuts
     D:7: 1060 daAuts
  Lair:2: 926 daAuts
     D:4: 841 daAuts
     D:2: 826 daAuts
     D:3: 762 daAuts
     D:8: 751 daAuts
     D:1: 641 daAuts
  Lair:3: 550 daAuts
  Temple: 252 daAuts
